 Dungeon Crawl Stone Soup version 0.31-a0-1549-g5ff9445e89 (webtiles) character file.

Game seed: 6161046703617037555

487 MisterAzrael the Fighter (level 6, 0/62 HPs)
             Began as a Minotaur Berserker on Jan 3, 2024.
             Was a Believer of Trog.
             Slain by a quokka (4 damage)
             ... summoned by Eustachio
             ... on level 4 of the Dungeon.
             The game lasted 00:03:43 (2345 turns).

MisterAzrael the Fighter (Minotaur Berserker)       Turns: 2345, Time: 00:03:44

Health: 0/62       AC:  9    Str: 24    XL:     6   Next: 89%
Magic:  5/5        EV:  9    Int:  4    God:    Trog [**....]
Gold:   154        SH:  5    Dex:  9    Spells: 5/5 levels left

rFire   . . .        a - +0 falchion
rCold   . . .        (no shield)
rNeg    . . .        f - +0 chain mail
rPois   .            (helmet restricted)
rElec   .            (no cloak)
rCorr   .            (no gloves)
SInv    .            (no boots)
Will    ++...        l - amulet of reflection Stlth
                     (no ring)
HPRegen 1.30/turn    (no ring)
MPRegen 0.09/turn

%: reflection
@: strong-willed, regenerating, hasted, very quick
A: horns 2, retaliatory headbutt
a: Renounce Religion, Berserk, Trog's Hand


You were on level 4 of the Dungeon.
You worshipped Trog.
Trog was pleased with you.
You visited 1 branch of the dungeon, and saw 4 of its levels.

You collected 154 gold pieces.

Inventory:

Hand Weapons
 a - a +0 falchion (weapon)
Armour
 b - a +0 animal skin
 f - a +0 chain mail (worn)
Jewellery
 l - an amulet of reflection (around neck)
Wands
 p - a wand of polymorph (7)
Scrolls
 c - 4 scrolls of identify {unknown}
 d - a scroll of vulnerability {unknown}
 g - a scroll of fog {unknown}
 h - a scroll of enchant armour {unknown}
 j - a scroll of noise {unknown}
 m - a scroll of teleportation {unknown}
 n - a scroll of enchant weapon {unknown}
 o - a scroll of torment {unknown}
Potions
 e - a potion of haste
 i - a potion of cancellation {unknown}
 k - a potion of resistance {unknown}
 q - a potion of brilliance {unknown}


   Skills:
 + Level 8.5 Fighting
 + Level 4.3 Long Blades
 + Level 3.4 Armour
 - Level 2.1 Dodging
 + Level 1.4 Evocations


You had 5 spell levels left.
You didn't know any spells.
Your spell library was empty.

Dungeon Overview and Level Annotations

Branches:
Dungeon (4/15)             Temple (0/1) D:4

Altars:
Makhleb
Nemelex Xobeh
Trog
Xom

Shops:
D:1 [

Annotations:
D:4 3 runed translucent doors, Eustachio


Innate Abilities, Weirdness & Mutations

You have a pair of horns on your head.
You reflexively headbutt those who attack you in melee.


Message History

The ufetubus hits you but does no damage.
The ufetubus closely misses you.
Eustachio gestures wildly while chanting.
Eustachio blinks!
The rat bites you.
* * * LOW HITPOINT WARNING * * *
The quokka bites you but does no damage.
The quokka bites you.
* * * LOW HITPOINT WARNING * * *
The rat closely misses you.
It was a potion of haste.
You feel yourself speed up. You block the ufetubus's attack.
The ufetubus hits you but does no damage.
The quokka barely misses you.
The ufetubus hits you but does no damage. x2
The rat misses you. You furiously retaliate!
You headbutt the rat.
You kill the rat!
The rat's corpse disappears in a puff of smoke!
Okay, then.
The ufetubus disappears in a puff of smoke!
The quokka closely misses you.
The quokka bites you but does no damage.
Eustachio hits you with a +0 falchion!
* * * LOW HITPOINT WARNING * * *
The quokka barely misses you.
You closely miss Eustachio.
Eustachio is almost dead.
Eustachio hits you with a +0 falchion.
* * * LOW HITPOINT WARNING * * *
The quokka bites you but does no damage.
You hit Eustachio.
Eustachio is almost dead.
You barely miss Eustachio.
Eustachio is almost dead.
You block the quokka's attack.
Eustachio gestures wildly while chanting.
Eustachio blinks!
Your skin crawls.
You feel strong-willed. The quokka bites you.
You die...

....... ####.#.#.# #
..#.#.#.# #.#.#.#.#.#
###.#.#.#.#.#.# ####
...........>#.####...
###.#.#.#.#......#.###
# #...
#.#@#.####$....# #
#..###.#.....§@...#.#
#
#..#.....#.####r..#.##
# #..#...#.#..
#......# #
#.S#..<..#..# #..#####
# #..#†#......# #....
###..#.......## #.####
.##..†......... #..
.###.#######.######
.#.......# .[#


You could see Eustachio and a quokka (summoned).

Vanquished Creatures
  Grinder (D:4)
  A phantom (D:2)
  Jessica (D:2)
  2 orc wizards (D:3)
  5 adders
  A ribbon worm (D:2)
  12 orcs
  6 ball pythons
  4 endoplasms
  4 giant cockroaches
  7 hobgoblins
  8 jackals
  3 quokkas
  7 bats
  6 frilled lizards
  7 goblins
  8 kobolds
  2 rats
85 creatures vanquished.

Notes
Turn   | Place    | Note
-------+----------+-------------------------------------------
     0 | D:1      | MisterAzrael the Minotaur Berserker began the quest for the
                  | Orb.
     0 | D:1      | Reached XP level 1. HP: 19/19 MP: 0/0
    66 | D:1      | Reached skill level 4 in Fighting
    75 | D:1      | Reached XP level 2. HP: 7/28 MP: 1/1
   167 | D:1      | Found Muujod's Antique Armour Shoppe.
   451 | D:1      | Reached skill level 5 in Fighting
   597 | D:1      | Reached ** piety under Trog
   598 | D:1      | Reached XP level 3. HP: 34/36 MP: 2/2
   895 | D:2      | Reached XP level 4. HP: 43/44 MP: 3/3
   904 | D:2      | Reached skill level 6 in Fighting
  1058 | D:2      | Found a faded altar of an unknown god.
  1105 | D:2      | Noticed a phantom
  1106 | D:2      | Noticed Jessica
  1127 | D:2      | Killed a phantom
  1128 | D:2      | Reached skill level 7 in Fighting
  1128 | D:2      | Reached XP level 5. HP: 51/52 MP: 4/4
  1131 | D:2      | Killed Jessica
  1444 | D:3      | Reached skill level 8 in Fighting
  1640 | D:3      | Found a shimmering altar of Xom.
  1643 | D:3      | Found a sparkling altar of Nemelex Xobeh.
  1646 | D:3      | Found a bloodstained altar of Trog.
  1649 | D:3      | Found a burning altar of Makhleb.
  1684 | D:3      | Reached XP level 6. HP: 57/61 MP: 5/5
  2014 | D:4      | Noticed Grinder
  2043 | D:4      | Paralysed by Grinder for 5 turns
  2051 | D:4      | Killed Grinder
  2052 | D:4      | Reached skill level 1 in Evocations
  2239 | D:4      | Found a staircase to the Ecumenical Temple.
  2303 | D:4      | Found a runed translucent gate.
  2303 | D:4      | Found a runed translucent gate.
  2304 | D:4      | Found a runed translucent gate.
  2310 | D:4      | Noticed Eustachio
  2342 | D:4      | HP: 3/62 [Eustachio/+0 falchion (4)]
  2345 | D:4      | Slain by a quokka

Illustrated notes

Levels and vault maps discovered:
D:1:      dpeg_arrival_tiny_c, layout_rooms, serial_shops, shop
D:2:      layout_rooms, hellmonk_ecumenical_altar_pennies_from_heaven,
          uniq_jessica
D:3:      layout_basic, grunt_temple_overflow_cloverleaf
D:4:      layout_basic, fedhas_ov_isle_minmay, mainiacjoe_overflow_swirl,
          minmay_temple_entry_waves, biasface_ghost_orc_armoury,
          grunt_ministairs_4, minmay_strange_pillars, uniq_grinder,
          uniq_eustachio

Skill      XL: |  1  2  3  4  5  6 |
---------------+-------------------+-----
Fighting       | 4 5 7 8 |  8.5
Long Blades    | 4 |  4.3
Armour         | 3 |  3.4
Evocations     | 1 |  1.4
Dodging        | |  2.1

Action                     |  1- 3 |  4- 6 || total
---------------------------+-------+-------++-------
  Melee: Falchion          |   106 |   176 ||   282
         Headbutt          |    15 |    24 ||    39
         Punch             |       |     2 ||     2
 Invoke: Berserk           |     1 |     2 ||     3
         Trog's Hand       |       |     3 ||     3
    Use: Potion            |       |     1 ||     1
 Armour: Animal skin       |    16 |       ||    16
         Chain mail        |    94 |   179 ||   273
  Dodge: Dodged            |    77 |    93 ||   170
  Block: Other             |       |    46 ||    46

Table legend: (Time is in decaauts)
 A = Elapsed time spent in this place.
 B = Non-inter-level travel time spent in this place.
 C = Inter-level travel time spent in this place.
 D = Time resting spent in this place.
 E = Time spent auto-exploring this place.
 F = Levels seen in this place.
 G = Mean time per level.
                   A        B        C        D        E       F      G
               +--------+--------+--------+--------+--------+-----+--------+
         Total |   2394 |   2348 |     46 |    115 |   1613 |   4 |  598.5 |
       Dungeon |   2394 |   2348 |     46 |    115 |   1613 |   4 |  598.5 |
               +--------+--------+--------+--------+--------+-----+--------+

Top non-repeatable levels by time:
     D:3: 756 daAuts
     D:1: 715 daAuts
     D:2: 577 daAuts
     D:4: 345 daAuts
